Map: Twilight Fortress

Players

A.I. 3 (Easy)

  • Race: Protoss Protoss
  • Spawn Location: 1:00

A.I. 2 (Easy)

  • Race: Terran Terran
  • Spawn Location: 1:00

wasp - Winner!

  • Race: Protoss Protoss
  • Spawn Location: 7:00

larsgj - Winner!

  • Race: Terran Terran
  • Spawn Location: 7:00

VOD

Have the link to the VOD?

Description

Time

  • Played on: Dec. 26, 2018, 9:36 a.m.
  • Length: 14:32
Show
View Real Time Build Order
Export as new Build Order

A.I. 3 (Easy) Protoss 

Build Orders:  

Get SALT Encoding   

  12  0:01  Probe  
  13  0:13  Probe  
  14  0:21  Pylon  
  14  0:25  Probe  
  15  0:35  Probe  
  16  0:44  Assimilator  
  16  0:50  Gateway  
  16  0:54  Pylon  
  16  1:16  Assimilator  
  16  1:29  Zealot  
  16  1:39  Cybernetics Core  
  18  2:05  Pylon  
  18  2:06  Probe  
  18  2:14  Probe  
  19  2:16  Stalker  
  19  2:22  Probe, Warp Gate  
  23  2:35  Probe  
  24  2:47  Probe  
  24  2:48  Adept  
  27  2:59  Probe  
  28  3:26  Stalker  
  30  3:52  Adept  
  32  7:07  Probe  
  32  7:09  Sentry  
  32  7:13  Pylon  
  32  7:14  Nexus  
  35  7:30  Probe  
  35  7:33  Robotics Facility  
  35  7:34  Stalker  
  38  7:41  Pylon  
  28  8:00  Sentry  
  30  8:16  Observer  
  30  8:26  Stalker  
  33  8:27  Probe  
  33  8:31  Probe  
  33  8:32  Assimilator  
  33  8:33  Observer  
  35  8:35  Assimilator  
  35  8:39  Probe  
  37  8:44  Probe  
  38  8:51  Probe  
  38  8:52  Zealot  
  41  8:56  Probe  
  42  9:03  Probe  
  42  9:08  Probe  
  44  9:15  Probe  
  45  9:17  Probe  
  45  9:18  Stalker  
  48  9:25  Probe  
  48  9:27  Probe  
  50  9:36  Probe  
  50  9:39  Probe  
  50  9:43  Adept  
  54  9:48  Probe  
  54  9:52  Probe  
  56  10:00  Probe  
  56  10:04  Probe  
  58  10:12  Probe  
  59  10:16  Probe  
  60  10:24  Probe x2  
  62  10:40  Observer  
  62  12:09  Stalker  
  50  12:26  Pylon  
  46  12:33  Forge  
  34  12:38  Stalker  
  34  12:39  Pylon  
  23  12:54  Pylon  
  23  12:58  Pylon  
  23  13:02  Probe, Robotics Bay  
  23  13:05  Gateway  
Show
View Real Time Build Order
Export as new Build Order

A.I. 2 (Easy) Terran 

Build Orders:  

Get SALT Encoding   

  12  0:01  SCV  
  13  0:13  SCV  
  14  0:18  Supply Depot  
  14  0:25  SCV  
  15  0:40  SCV  
  16  0:44  Barracks  
  16  0:45  Refinery  
  16  1:10  Supply Depot  
  16  1:22  Refinery  
  16  1:31  Marine  
  17  1:33  Orbital Command  
  17  1:50  Barracks Tech Lab  
  17  1:59  SCV  
  18  2:08  Marine  
  18  2:11  SCV  
  18  2:13  Supply Depot  
  20  2:23  SCV  
  20  2:26  Marine  
  22  2:35  SCV  
  23  2:44  Marauder  
  23  2:47  SCV  
  26  2:59  SCV  
  27  3:06  Marauder  
  29  5:07  Reaper  
  29  5:08  SCV  
  29  5:09  Supply Depot  
  31  5:17  Factory  
  31  5:20  SCV  
  32  5:32  SCV  
  32  5:33  Supply Depot  
  33  5:39  Marine  
  27  5:57  Marine  
  27  6:02  Command Center  
  28  6:04  Starport  
  28  6:15  Marauder  
  30  6:36  Reaper  
  31  6:41  Starport Tech Lab  
  33  7:09  Raven, Marauder  
  33  7:15  SCV  
  36  7:19  SCV  
  36  7:21  Refinery  
  37  7:22  Refinery  
  37  7:27  SCV  
  38  7:30  Marine  
  38  7:31  SCV  
  40  7:39  SCV  
  40  7:43  SCV  
  44  7:47  Marine  
  44  7:51  SCV  
  46  7:52  Raven  
  46  7:55  SCV  
  47  8:03  SCV  
  48  8:06  Reaper  
  48  8:07  SCV  
  50  8:15  SCV  
  50  8:19  SCV  
  52  8:27  SCV  
  52  8:31  SCV  
  54  8:37  Marine  
  54  8:39  SCV  
  56  8:43  SCV  
  57  8:51  SCV  
  57  8:55  Marine  
  58  8:56  SCV  
  60  9:03  SCV  
  60  9:08  SCV  
  62  9:12  Supply Depot  
  62  9:13  Reaper  
  62  9:15  SCV  
  64  9:59  Marine, Medivac  
  67  10:01  Supply Depot  
  67  10:04  Engineering Bay  
  67  10:17  Marine  
  68  10:25  Ghost Academy  
  68  10:27  Supply Depot  
  68  10:29  Terran Infantry Armor Level 1  
  72  10:35  Marauder  
  72  10:38  Raven  
  62  10:57  Marauder  
  56  11:12  Medivac  
  56  11:18  Reaper  
  61  11:50  Marine  
  61  11:51  Raven  
  60  12:08  Marauder  
  55  12:20  Command Center  
  50  12:25  Medivac  
  50  12:29  Marine  
  52  12:54  Medivac  
  54  12:59  Orbital Command  
  54  13:02  Supply Depot  
  51  13:17  Command Center  
  50  13:21  Barracks  
  50  13:24  Viking  
  50  13:26  SCV  
  47  13:33  SCV  
  46  13:38  SCV  
  39  13:45  SCV  
  35  13:50  SCV  
  31  13:57  SCV  
  31  14:02  SCV  
  23  14:08  Refinery  
  23  14:09  SCV  
  18  14:13  Engineering Bay  
  18  14:14  SCV  
  18  14:16  Refinery  
Show
View Real Time Build Order
Export as new Build Order

wasp Protoss - Winner!

Build Orders:  

Get SALT Encoding   

  12  0:13  Pylon  
  12  0:26  Pylon  
  12  0:35  Pylon  
  12  0:54  Gateway  
  12  1:02  Assimilator  
  12  1:09  Assimilator  
  12  1:15  Pylon  
  12  1:24  Gateway  
  12  1:42  Probe  
  13  1:54  Probe  
  14  2:06  Probe  
  14  2:08  Cybernetics Core  
  15  2:22  Zealot  
  17  2:57  Stargate  
  17  2:59  Warp Gate  
  17  3:02  Zealot  
  19  3:09  Probe  
  20  3:45  Forge  
  20  3:52  Zealot  
  20  3:53  Zealot  
  24  4:29  Fleet Beacon  
  24  4:32  Probe  
  25  5:12  Zealot x2  
  29  5:42  Stalker  
  31  5:43  Stalker  
  33  6:01  Carrier  
  39  6:48  Zealot  
  41  7:05  Carrier  
  47  7:30  Stargate  
  47  8:49  Pylon  
  47  8:54  Pylon  
  47  9:00  Pylon  
  47  9:07  Pylon  
  47  9:15  Pylon  
  47  9:17  Pylon  
  47  9:22  Carrier  
  53  9:33  Carrier  
Show
View Real Time Build Order
Export as new Build Order

larsgj Terran - Winner!

Build Orders:  

Get SALT Encoding   

  12  0:05  SCV  
  13  0:17  SCV  
  14  0:23  Supply Depot  
  14  0:29  SCV  
  14  0:35  Supply Depot  
  15  0:44  SCV  
  16  0:55  Barracks  
  16  1:04  Refinery  
  16  1:07  SCV  
  16  1:08  Refinery  
  17  1:20  SCV  
  18  1:32  SCV  
  19  1:44  SCV  
  20  1:53  Command Center  
  20  1:56  Marine, SCV  
  22  2:08  SCV  
  23  2:20  SCV  
  24  2:29  Barracks  
  24  2:32  SCV  
  25  2:44  SCV  
  25  2:46  Factory  
  25  2:48  Marine  
  27  2:56  SCV  
  28  3:04  Engineering Bay  
  28  3:06  Marine  
  28  3:08  SCV  
  28  3:10  SCV  
  31  3:22  SCV  
  31  3:24  Marine  
  33  3:34  SCV  
  33  3:36  Bunker  
  34  3:46  SCV, Barracks Tech Lab  
  34  3:47  Marine  
  36  3:59  SCV  
  37  4:03  Starport  
  37  4:04  Marine  
  37  4:08  Terran Infantry Weapons Level 1  
  38  4:10  Bunker  
  38  4:17  Armory  
  38  4:18  SCV  
  38  4:22  Marine  
  40  4:25  Refinery  
  40  4:28  Refinery  
  40  4:30  SCV  
  41  4:40  Marine  
  41  4:43  SCV  
  43  4:47  Orbital Command  
  43  4:55  SCV  
  44  5:07  SCV  
  44  5:14  Starport  
  45  5:19  SCV  
  46  5:23  Supply Depot  
  46  5:32  Orbital Command  
  46  5:44  Marine  
  46  5:45  Marine, Supply Depot  
  46  5:56  Combat Shield  
  46  6:02  Terran Infantry Armor Level 1  
  46  6:03  Marine  
  48  6:07  Supply Depot  
  48  6:10  Barracks Tech Lab  
  47  6:20  Medivac x2  
  47  6:21  Marine  
  52  6:29  Supply Depot  
  52  6:36  Supply Depot  
  52  6:39  Marauder  
  54  6:50  Medivac  
  56  6:58  Medivac  
  56  6:59  Supply Depot  
  56  7:01  Marauder  
  60  7:15  Concussive Shells  
  60  7:20  Medivac  
  60  7:22  Marauder, Supply Depot  
  64  7:28  Medivac  
  66  7:34  Missile Turret  
  66  7:39  Missile Turret  
  66  7:45  Supply Depot  
  66  7:53  Marine x2  
  66  7:56  Hi-Sec Auto Tracking  
  66  7:58  Medivac x2  
  70  8:00  Missile Turret  
  72  8:10  Marine  
  72  8:11  Marine  
  74  8:19  Stimpack  
  74  8:21  Missile Turret  
  74  8:22  Terran Vehicle And Ship Armor Level 1  
  74  8:28  Marine x2, Medivac  
  78  8:43  Barracks  
  78  8:46  Marine x2  
  80  8:48  Starport Tech Lab  
  80  8:53  Neosteel Armor  
  80  8:57  Medivac  
  82  9:04  Marine x2  
  84  9:22  Marine x2  
  86  9:27  Medivac  
  88  9:32  Barracks Reactor  
  88  9:39  Marine  
  88  9:40  Marine  
  90  9:57  Marine x2, Medivac  
  94  10:10  Marine x2  
  96  10:15  Marine x2  
  96  10:19  Terran Vehicle And Ship Armor Level 2  
  98  10:27  Medivac  
  100  10:28  Marine x2  
  100  10:33  Terran Infantry Weapons Level 2, Marauder  
  100  10:34  Marauder  
  106  10:46  Marine x2  
  108  10:54  Marine x2  
  110  11:11  Supply Depot  
  110  11:33  Marine x2, Marauder x2  
  110  11:34  Supply Depot  
  116  11:50  Marine x2  
  118  11:55  Marine x2  
  118  11:57  Supply Depot  
  120  12:08  Marine x2  
  120  12:13  Marine x2  
  124  12:20  Supply Depot  
  124  12:31  Marauder x2  
  128  12:40  Marine x2  
  130  12:45  Supply Depot  
  130  12:52  Marine x2  
  130  12:57  Marine  
  130  12:58  Marine  
  134  13:09  Supply Depot  
  134  13:10  Marine x2  
  136  13:15  Marine  
  136  13:16  Marine  
  138  13:28  Marine x2  
  138  13:32  Supply Depot  
  138  13:33  Marine  
  138  13:34  Marine  
  142  13:46  Marine x2  
  144  13:54  Supply Depot  
  144  14:17  Supply Depot  
Tags
 
Add a new tag
Caveats
  • Supply blocks, unpowered buildings, or Contaminate may cause inaccurate times.
  • Supply counts are checked every 10 seconds.